 Dungeon Crawl Stone Soup version 0.28.0-45-g0d030f2227 (webtiles) character file.

Game seed: 16147077559497245537

102 Fartwhistle the Changer (level 4, 0/38 HPs)
             Began as a Naga Transmuter on Apr 14, 2022.
             Slain by Ijyb
             ... wielding a +0 club
              (4 damage)
             ... on level 3 of the Dungeon.
             The game lasted 00:08:06 (3040 turns).

Fartwhistle the Changer (Naga Transmuter)           Turns: 3040, Time: 00:08:07

Health: 0/38       AC:  3    Str: 12    XL:     4   Next: 77%
Magic:  7/7        EV: 10    Int: 15    God:
Gold:   34         SH:  0    Dex: 12    Spells: 1/7 levels left

rFire   + . .      SeeInvis +     - Unarmed
rCold   + . .      Faith    .   (no shield)
rNeg    . . .      Spirit   .   a - +0 robe
rPois   +          Reflect  .   g - +0 helmet
rElec   +          Harm     .   (no cloak)
rCorr   +          Rampage  .   (no gloves)
Will    .....                   (no barding)
Stlth   ..........              (no amulet)
HPRegen 0.12/turn               j - ring of resist corrosion
MPRegen 0.10/turn               (no ring)

@: brilliant, silenced, resistant, weak-willed, very slow
A: AC +1, large, see invisible, deformed body, poison resistance, slowness 2,
spit poison 1, naga tail 1
a: Spit Poison


You were on level 3 of the Dungeon.
You visited 1 branch of the dungeon, and saw 3 of its levels.

You collected 34 gold pieces.

Inventory:

Hand Weapons
 o - a +0 dagger of venom
Armour
 a - a +0 robe (worn)
 e - a +0 pair of boots
 g - a +0 helmet (worn)
Jewellery
 j - a ring of resist corrosion (left hand)
Wands
 i - a wand of iceblast (4)
 n - a wand of flame (4)
Scrolls
 k - a scroll of magic mapping {unknown}
 l - a scroll of blinking {unknown}
Potions
 m - a potion of curing {unknown}


   Skills:
 + Level 1.5 Fighting
 - Level 1.7 Dodging
 - Level 3.0 Unarmed Combat
 - Level 2.1 Spellcasting
 - Level 4.0 Transmutations
 * Level 2.0 Poison Magic


You had one spell level left.
You knew the following spells:

 Your Spells              Type           Power      Damage    Failure   Level
a - Beastly Appendage     Tmut           40%        N/A       4%          1
b - Wereblood             Tmut           20%        N/A       6%          2
c - Spider Form           Tmut/Pois      16%        N/A       19%         3

Your spell library contained the following spells:

 Spells                   Type           Power      Damage    Failure   Level
 Gell's Gravitas          Tloc           2%         N/A       54%         3
 Lesser Beckoning         Tloc           2%         N/A       54%         3
 Teleport Other           Tloc           2%         N/A       54%         3
 Ice Form                 Ice/Tmut       11%        N/A       67%         4


Dungeon Overview and Level Annotations

Branches:
Dungeon (3/15)

Altars:
Okawaru

Annotations:
D:3 Ijyb


Innate Abilities, Weirdness & Mutations

Your serpentine skin is tough. (AC +1)
You have supernaturally acute eyesight. (SInv)
Armour fits poorly on your strangely shaped body.
Your system is resistant to poisons. (rPois)
You cover ground very slowly.
You can spit poison.
You have a snake-like lower body.


Message History

Things that are here:
a +0 dagger of venom; a +0 robe; the human corpse of Jessica
o - a +0 dagger of venom Ijyb the Twisted Goblin comes into view.
She is wielding a +0 club, wearing a +1 ring mail of poison resistance and carrying a wand of flame (15).
Ijyb shouts!
You see here a murky blue potion.
Aiming: Spit Poison (1% risk of failure)
Press: ? - help, Shift-Dir - straight line, f - Ijyb
Aim: Ijyb, wielding a +0 club, wearing a +1 ring mail of poison resistance and carrying a wand of flame (15) (54% to hit)
The splash of poison misses Ijyb.
Casting: Beastly Appendage (safe; 4% risk of failure)
Confirm with . or Enter, or press ? or * to list all spells.
Okay, then.
Ijyb zaps a wand.
The puff of flame hits you!
You have got your breath back.
Ijyb zaps a wand.
The puff of flame hits you!
Aiming: Spit Poison (1% risk of failure)
Press: ? - help, Shift-Dir - straight line, f/p - Ijyb
Aim: Ijyb, wielding a +0 club, wearing a +1 ring mail of poison resistance and carrying a wand of flame (13) (54% to hit)
The splash of poison misses Ijyb.
Ijyb zaps a wand.
The puff of flame hits you!
* * * LOW HITPOINT WARNING * * *
Things that are here:
a +0 robe; the human corpse of Jessica It was a potion of magic.
Magic courses through your body.
As you read the scroll labelled RYGUST FER NAW, it crumbles to dust.
Magic quickly surges around you.
It was a scroll of vulnerability.
As you read the scroll labelled MIHAEXE ZUPPEAR, it crumbles to dust.
A profound silence engulfs you.
It was a scroll of silence.
You have got your breath back.
Ijyb hits you with a +0 club.
* * * LOW HITPOINT WARNING * * *
It was a potion of brilliance.
You feel clever all of a sudden. Ijyb hits you with a +0 club.
* * * LOW HITPOINT WARNING * * *
It was a potion of resistance.
You feel protected. Ijyb hits you with a +0 club.
You die...

### #### ... ..######## #
#.# #........### . #. #.#
#..###<....# ..#.####.##
#..###.#.#.## .
?........####...........#
.................###.#.#..#
.....##....####@## #......#
#...!.....[g.# ###.##.#
####.........# #.#..#####
###.####### #........# #.#
###<####.# #..†# #.# #.#.#
#.# ...... #.# ..$ ##. #.#


You could see Ijyb (weak-willed).

Vanquished Creatures
  Jessica (D:3)
  2 adders (D:2)
  3 worms
  4 dart slugs
  An orc (D:2)
  2 bats
  3 endoplasms
  2 giant cockroaches
  6 goblins
  3 hobgoblins
  A quokka (D:1)
  5 ball pythons
  2 frilled lizards
  2 kobolds (D:1)
  3 rats
40 creatures vanquished.

Notes
Turn   | Place    | Note
-------+----------+-------------------------------------------
     0 | D:1      | Fartwhistle the Naga Transmuter began the quest for the
                  | Orb.
     0 | D:1      | Reached XP level 1. HP: 18/18 MP: 3/3
   191 | D:1      | Reached XP level 2. HP: 13/25 MP: 3/5
   643 | D:1      | Found a faded altar of an unknown god.
   994 | D:1      | Reached skill level 3 in Transmutations
  1081 | D:1      | Reached XP level 3. HP: 24/31 MP: 6/6
  1752 | D:2      | Found an iron altar of Okawaru.
  1830 | D:2      | Learned a level 2 spell: Wereblood
  2049 | D:2      | Reached XP level 4. HP: 11/38 MP: 5/7
  2281 | D:2      | Reached skill level 4 in Transmutations
  2309 | D:2      | Learned a level 3 spell: Spider Form
  2867 | D:3      | Noticed Jessica
  2881 | D:3      | Killed Jessica
  2882 | D:3      | Reached skill level 1 in Poison Magic
  3025 | D:3      | Noticed Ijyb
  3040 | D:3      | Slain by Ijyb

Illustrated notes

Levels and vault maps discovered:
D:1:      dpeg_arrival_water_temple_mockup, layout_loops_corners,
          hellmonk_ecumenical_altar_crossroads
D:2:      layout_basic, basic_altar
D:3:      layout_loops_ring, mainiacjoe_overflow_cross_hatched, serial_glass,
          glass_columns_b, glass_columns_a, minmay_pentomino_pile, uniq_ijyb,
          uniq_jessica

Skill      XL: |  1  2  3  4 |
---------------+-------------+-----
Transmutations | 3 4 |  4.0
Poison Magic   | 2 |  2.0
Fighting       | |  1.5
Dodging        | |  1.7
Unarmed Combat | |  3.0
Spellcasting   | |  2.1

Action                   |  1- 3 |  4- 6 || total
-------------------------+-------+-------++-------
Melee: Unarmed           |    84 |    32 ||   116
       Headbutt          |    10 |     4 ||    14
       Punch             |     1 |     1 ||     2
 Cast: Beastly Appendage |    15 |     4 ||    19
       Wereblood         |     1 |       ||     1
 Abil: Spit Poison       |    20 |    10 ||    30
  Use: Potion            |       |     3 ||     3
       Scroll            |       |     2 ||     2
 Stab: Sleeping          |     1 |     1 ||     2
Armor: Robe              |     7 |     6 ||    13
Dodge: Dodged            |    41 |     9 ||    50
